 Dungeon Crawl Stone Soup version 0.29.1-1-gd02db6906a (webtiles) character file.

Game seed: 5142891875726999100

39 lmSkywalker the Insei (level 3, -3/28 HPs)
             Began as a Formicid Transmuter on Sept 18, 2022.
             Killed from afar by a white imp (7 damage)
             ... with a puff of frost
             ... summoned by Natasha
             ... on level 2 of the Dungeon.
             The game lasted 00:07:07 (2011 turns).

lmSkywalker the Insei (Formicid Transmuter)         Turns: 2011, Time: 00:07:07

Health: -3/28      AC:  4    Str: 14    XL:     3   Next: 67%
Magic:  5/7        EV: 11    Int: 14    God:
Gold:   142        SH:  0    Dex: 14    Spells: 2/8 levels left

rFire   . . .      SeeInvis +   t - +1 mace (holy)
rCold   . . .      Faith    .   (no shield)
rNeg    . . .      Spirit   .   o - +0 leather armour
rPois   .          Reflect  .   (helmet unavailable)
rElec   .          Harm     .   (no cloak)
rCorr   .          Rampage  .   m - +0 pair of gloves
Will    .....                   (boots currently unavailable)
Stlth   +.........              (no amulet)
HPRegen 0.09/turn               (no ring)
MPRegen 0.10/turn               (no ring)

@: appendages (expiring), wereblooded, studying Evocations
A: talons 2, permanent stasis, dig shafts and tunnels, antennae 3, four strong
arms
a: Dig, Shaft Self, End Transformation


You were on level 2 of the Dungeon.
You had temporarily grown beastly talons.
You visited 1 branch of the dungeon, and saw 2 of its levels.

You collected 142 gold pieces.

Inventory:

Hand Weapons
 c - a +0 short sword
 g - a +0 sling
 t - a +1 mace of holy wrath (weapon)
Armour
 a - a +0 robe
 f - a +0 ring mail
 l - a +0 pair of boots (melded)
 m - a +0 pair of gloves (worn)
 o - a +0 leather armour (worn)
Scrolls
 d - a scroll of enchant weapon {unknown}
 k - 2 scrolls of teleportation {unknown}
 r - 2 scrolls of identify {unknown}
Potions
 b - a potion of lignification
 e - a potion of brilliance {unknown}
 h - a potion of haste {unknown}
 i - a potion of curing {unknown}
 j - a potion of resistance {unknown}
 n - a potion of berserk rage {unknown}
 p - a potion of heal wounds {unknown}
 q - a potion of magic {unknown}
 s - a potion of might {unknown}


   Skills:
 - Level 2.4 Fighting
 + Level 0.1 Maces & Flails
 - Level 1.7 Dodging
 - Level 3.0 Unarmed Combat
 - Level 3.0 Spellcasting
 + Level 2.3 Transmutations
 + Level 0.2 Poison Magic


You had 2 spell levels left.
You knew the following spells:

 Your Spells              Type           Power      Damage    Failure   Level
a - Beastly Appendage     Tmut           16%        N/A       11%         1
b - Wereblood             Tmut           8%         N/A       16%         2
c - Spider Form           Tmut/Pois      5%         N/A       43%         3

Your spell library contained the following spells:

 Spells                   Type           Power      Damage    Failure   Level
 Apportation              Tloc           4%         N/A       26%         1
 Ice Form                 Ice/Tmut       5%         N/A       86%         4
 Alistair's Intoxication  Tmut/Pois      3%         N/A       99%         5


Dungeon Overview and Level Annotations

Branches:
Dungeon (2/15)

Altars:

Annotations:
D:2 Natasha


Innate Abilities, Weirdness & Mutations

You have temporarily grown beastly talons.
You cannot be hasted, slowed, berserked, paralysed or teleported.
You can dig through walls and to a lower floor.
You have a pair of large antennae on your head. (SInv)
Your four strong arms can wield two-handed weapons with a shield.


Message History

Your feet morph into talons.
Your +0 pair of boots melds into your body.
Casting: Beastly Appendage (safe; 11% risk of failure)
Confirm with . or Enter, or press ? or * to list all spells.
Your blood is infused with primal strength.
Natasha barely misses you.
You hit Natasha but do no damage. You claw Natasha.
Natasha is moderately wounded.
Natasha barely misses you.
The white imp grinds its teeth.
You hit Natasha. Your kick misses Natasha.
Natasha is moderately wounded.
Natasha claws you.
Natasha mumbles some strange words.
You hit Natasha.
Natasha is heavily wounded.
The white imp gestures at you. The puff of frost misses you.
Natasha misses you. The white imp closely misses you.
You barely miss Natasha.
Natasha is heavily wounded.
Natasha mumbles some strange words.
The white imp hits you but does no damage.
Natasha claws you.
You barely miss Natasha. You claw Natasha, but do no damage.
Natasha is heavily wounded.
Natasha claws you!
You barely miss Natasha. Your kick misses Natasha.
Natasha is heavily wounded.
Natasha casts a spell at you. The magic dart hits you!
* * * LOW HITPOINT WARNING * * *
The crimson imp barely misses you.
You closely miss Natasha.
Natasha is heavily wounded.
Your transformation is almost over.
Natasha claws you but does no damage. The white imp gestures at you.
The puff of frost hits you!
You die...

##.###.#.###.......# #8
#.............#####.##.
#.####.#.###.## ###' #.
##.#.# #.# #. #.
##....# #.# ##
#.....###.##### #
#......##.....# #
#..55..######.# #
##.@h5.# #.# #
####....# #.# #
#..<.####.# #
#.........# ....####..#
.##.# #..# .# #..######
#........ ##.######


You could see Natasha, a crimson imp (summoned) and 2 white imps.

Vanquished Creatures
  A dart slug (D:2)
  2 bats (D:1)
  6 endoplasms
  3 giant cockroaches
  3 goblins
  2 hobgoblins
  4 jackals (D:1)
  A quokka (D:1)
  2 ball pythons (D:2)
  5 kobolds
  2 rats (D:1)
31 creatures vanquished.

Notes
Turn   | Place    | Note
-------+----------+-------------------------------------------
     0 | D:1      | lmSkywalker the Formicid Transmuter began the quest for the
                  | Orb.
     0 | D:1      | Reached XP level 1. HP: 15/15 MP: 3/3
    22 | D:1      | Reached XP level 2. HP: 17/22 MP: 3/5
   652 | D:1      | Reached XP level 3. HP: 24/27 MP: 7/7
  1539 | D:2      | Learned a level 2 spell: Wereblood
  1543 | D:2      | Learned a level 3 spell: Spider Form
  1922 | D:2      | Found a faded altar of an unknown god.
  1999 | D:2      | Noticed Natasha
  2011 | D:2      | Killed from afar by a white imp

Illustrated notes

Levels and vault maps discovered:
D:1:      lightli_iron_boxes, layout_basic
D:2:      layout_loops_ring, shapermc_ecumenical_altar_ellora,
          minmay_tromino_mix6, uniq_natasha

Skill      XL: |  1  2  3 |
---------------+----------+-----
Fighting       | 2 |  2.4
Spellcasting   | 3 |  3.0
Maces & Flails | |  0.1
Dodging        | |  1.7
Unarmed Combat | |  3.0
Transmutations | |  2.3
Poison Magic   | |  0.2

Action                   || total
-------------------------++-------
Melee: Unarmed           ||    12
       Kick              ||    22
       Short sword       ||    69
       Punch             ||     2
       Mace              ||    24
 Cast: Beastly Appendage ||    21
       Wereblood         ||     1
 Stab: Sleeping          ||     1
Armor: Robe              ||    16
       Leather armour    ||    15
Dodge: Dodged            ||    62
